| TOP OF THE 1ST |
|
Northwest Arkansas Naturals batting - Pitching for Midland RockHounds : LHP Bobby Carroll
|
|
Pitching: LHP Bobby Carroll
|
|
|
Batting: SHB Ryoji Hiraoka
|
0-0: Called Strike 0-1: Foul Ball, location: 2F 0-2: Ball 1-2: Foul Ball, location: 2F 1-2: Ground out 6-3 (Groundball, 6, EV 103.1 MPH)
|
|
Batting: RHB Kazuki Arai
|
0-0: Ball 1-0: Ball 2-0: Called Strike 2-1: Swinging Strike 2-2: Strikes out swinging
|
|
Batting: RHB Alex Cid
|
0-0: Ball 1-0: Called Strike 1-1: Foul Ball, location: 2F 1-2: Foul Ball, location: 2F 1-2: Strikes out swinging
|
| Top of the 1st over - 0 runs, 0 hits, 0 errors, 0 left on base; Northwest Arkansas 0 - Midland 0 |
| BOTTOM OF THE 1ST |
|
Midland RockHounds batting - Pitching for Northwest Arkansas Naturals : RHP Philip Terrell
|
|
Pitching: RHP Philip Terrell
|
|
|
Batting: RHB Tony Crespo
|
0-0: Called Strike 0-1: Ball 1-1: Ground out 4-3 (Groundball, 4M, EV 103.8 MPH)
|
|
Batting: RHB Jonathan Gallup
|
0-0: Called Strike 0-1: Ball 1-1: Called Strike 1-2: Foul Ball, location: 2F 1-2: Strikes out looking
|
|
Batting: RHB Travis Robinson
|
0-0: Called Strike 0-1: Ball 1-1: Ball 2-1: Foul Ball, location: 2F 2-2: Strikes out swinging
|
| Bottom of the 1st over - 0 runs, 0 hits, 0 errors, 0 left on base; Northwest Arkansas 0 - Midland 0 |
| TOP OF THE 2ND |
|
Northwest Arkansas Naturals batting - Pitching for Midland RockHounds : LHP Bobby Carroll
|
|
Batting: RHB Andy Urquhart
|
0-0: Ball 1-0: Called Strike 1-1: Ball 2-1: Ball 3-1: DOUBLE (Groundball, 5L, EV 103.8 MPH)
|
|
Batting: RHB Edwin Ramos
|
0-0: Called Strike 0-1: Foul Ball, location: 2F 0-2: Strikes out looking
|
|
Batting: RHB William Lung
|
0-0: Called Strike 0-1: Foul Ball, location: 2F 0-2: Ball 1-2: SINGLE (Groundball, 34, EV 104.4 MPH) (infield hit) Andy Urquhart to third
|
|
Batting: LHB Joe Cozart
|
0-0: Called Strike 0-1: Ball 1-1: Swinging Strike 1-2: Strikes out swinging
|
|
Batting: RHB Eric Erickson
|
0-0: Called Strike 0-1: 3-RUN HOME RUN (Flyball, 7LD, EV 98.8 MPH), Distance : 376 ft
|
|
Batting: SHB Danny Ballenger
|
0-0: Ball 1-0: Ball 2-0: Swinging Strike 2-1: Swinging Strike 2-2: Ball 3-2: Strikes out looking
|
| Top of the 2nd over - 3 runs, 3 hits, 0 errors, 0 left on base; Northwest Arkansas 3 - Midland 0 |
| BOTTOM OF THE 2ND |
|
Midland RockHounds batting - Pitching for Northwest Arkansas Naturals : RHP Philip Terrell
|
|
Batting: LHB Nick Pacheco
|
0-0: Called Strike 0-1: Ball 1-1: Ball 2-1: Ball 3-1: Fly out, F8 (Line Drive, 8RM, EV 93.1 MPH)
|
|
Batting: RHB Matt Sherard
|
0-0: Called Strike 0-1: Ground out 5-3 (Groundball, 56, EV 97.5 MPH)
|
|
Batting: RHB Micah Roth
|
0-0: Ball 1-0: Ball 2-0: Ball 3-0: Called Strike 3-1: Base on Balls
|
|
Batting: RHB Roger Simmons
|
0-0: Ball 1-0: Called Strike Micah Roth steals 2nd base 1-1: Ball 2-1: Ball 3-1: Ground out U3 (Groundball, 3S, EV 83.1 MPH)
|
| Bottom of the 2nd over - 0 runs, 0 hits, 0 errors, 1 left on base; Northwest Arkansas 3 - Midland 0 |
| TOP OF THE 3RD |
|
Northwest Arkansas Naturals batting - Pitching for Midland RockHounds : LHP Bobby Carroll
|
|
Batting: SHB Ryoji Hiraoka
|
0-0: Ball 1-0: Foul Ball, location: 2F 1-1: Swinging Strike 1-2: Strikes out looking
|
|
Batting: RHB Kazuki Arai
|
0-0: DOUBLE (Flyball, 8LXD, EV 107.5 MPH)
|
|
Batting: RHB Alex Cid
|
0-0: Ball 1-0: Called Strike 1-1: Ball 2-1: Swinging Strike 2-2: Ball 3-2: Base on Balls
|
|
Batting: RHB Andy Urquhart
|
0-0: Ball 1-0: Foul Ball, location: 2F 1-1: Swinging Strike 1-2: Strikes out swinging
|
|
Batting: RHB Edwin Ramos
|
0-0: Foul Ball, location: 2F 0-1: Fielders Choice at 2nd, U4 (Groundball, 4M, EV 86.9 MPH)
|
| Top of the 3rd over - 0 runs, 1 hit, 0 errors, 2 left on base; Northwest Arkansas 3 - Midland 0 |
| BOTTOM OF THE 3RD |
|
Midland RockHounds batting - Pitching for Northwest Arkansas Naturals : RHP Philip Terrell
|
|
Pitching: RHP Mike Tuck
|
|
|
Batting: RHB Gojko Golob
|
0-0: Ball 1-0: Swinging Strike 1-1: Foul Ball, location: 2F 1-2: Ball 2-2: DOUBLE (Groundball, 5L, EV 104.4 MPH)
|
|
Batting: LHB Jose Mojica
|
0-0: Ball Passed Ball! Gojko Golob to third 1-0: Ball 2-0: Ground out 4-3 (Groundball, 4, EV 83.1 MPH) Gojko Golob scores
|
|
Batting: RHB Tony Crespo
|
0-0: Ball 1-0: Swinging Strike 1-1: Ball 2-1: Foul Ball, location: 2F 2-2: Strikes out swinging
|
|
Batting: RHB Jonathan Gallup
|
0-0: Ball 1-0: Ball 2-0: Ball 3-0: Called Strike 3-1: Base on Balls
|
|
Batting: RHB Travis Robinson
|
0-0: Ball 1-0: SINGLE (Groundball, 34, EV 103.8 MPH) Jonathan Gallup to second Runner from 2nd tries for 3rd, SAFE, throw by RF made to third
|
|
Batting: LHB Nick Pacheco
|
0-0: Ball Passed Ball! Jonathan Gallup scores Travis Robinson to second 1-0: Ground out 4-3 (Groundball, 4, EV 90.0 MPH)
|
| Bottom of the 3rd over - 2 runs, 2 hits, 0 errors, 1 left on base; Northwest Arkansas 3 - Midland 2 |
| TOP OF THE 4TH |
|
Northwest Arkansas Naturals batting - Pitching for Midland RockHounds : LHP Bobby Carroll
|
|
Batting: RHB William Lung
|
0-0: Ball 1-0: Foul Ball, location: 2F 1-1: Ball 2-1: Ball 3-1: Swinging Strike 3-2: Hit by Pitch
|
|
Batting: LHB Joe Cozart
|
0-0: Ball 1-0: SINGLE (Groundball, 6MD, EV 103.8 MPH) (infield hit) William Lung to second
|
|
Batting: RHB Eric Erickson
|
0-0: Ball Wild Pitch! William Lung to third Joe Cozart to second 1-0: Foul Ball, location: 2F 1-1: Foul Ball, location: 2F 1-2: Ball 2-2: Foul Ball, location: 2F 2-2: Ground out 1-3 (Groundball, 15S, EV 69.4 MPH)
|
|
Batting: SHB Danny Ballenger
|
0-0: Ball 1-0: Ball 2-0: Called Strike 2-1: Foul Ball, location: 2F 2-2: Strikes out swinging
|
|
Batting: SHB Ryoji Hiraoka
|
0-0: Fly out, F9 (Flyball, 9D, EV 101.2 MPH)
|
| Top of the 4th over - 0 runs, 1 hit, 0 errors, 2 left on base; Northwest Arkansas 3 - Midland 2 |
| BOTTOM OF THE 4TH |
|
Midland RockHounds batting - Pitching for Northwest Arkansas Naturals : RHP Mike Tuck
|
|
Batting: RHB Matt Sherard
|
0-0: Swinging Strike 0-1: SINGLE (Line Drive, 9LM, EV 85.0 MPH)
|
|
Batting: RHB Micah Roth
|
0-0: Foul Ball, location: 2F 0-1: Swinging Strike 0-2: Ball 1-2: Strikes out swinging
|
|
Batting: RHB Roger Simmons
|
0-0: Ball 1-0: Swinging Strike 1-1: Foul Ball, location: 2F 1-2: Ball 2-2: Grounds into double play, 5-4-3 (Groundball, 56, EV 91.2 MPH)
|
| Bottom of the 4th over - 0 runs, 1 hit, 0 errors, 0 left on base; Northwest Arkansas 3 - Midland 2 |
| TOP OF THE 5TH |
|
Northwest Arkansas Naturals batting - Pitching for Midland RockHounds : LHP Bobby Carroll
|
|
Batting: RHB Kazuki Arai
|
0-0: Called Strike 0-1: Ball 1-1: Ball 2-1: Ball 3-1: Fly out, F9 (Flyball, 9, EV 79.4 MPH)
|
|
Batting: RHB Alex Cid
|
0-0: Ball 1-0: Swinging Strike 1-1: Ball 2-1: Ball 3-1: Foul Ball, location: 2F 3-2: SINGLE (Groundball, 56D, EV 103.1 MPH)
|
|
Batting: RHB Andy Urquhart
|
0-0: Ball 1-0: Fly out, F4 (Popup, 4S, EV 86.9 MPH)
|
|
Batting: RHB Edwin Ramos
|
0-0: Called Strike 0-1: Ball 1-1: Ball 2-1: Swinging Strike 2-2: Ground out 6-3 (Groundball, 6S, EV 78.1 MPH)
|
| Top of the 5th over - 0 runs, 1 hit, 0 errors, 1 left on base; Northwest Arkansas 3 - Midland 2 |
| BOTTOM OF THE 5TH |
|
Midland RockHounds batting - Pitching for Northwest Arkansas Naturals : RHP Mike Tuck
|
|
Batting: RHB Gojko Golob
|
0-0: Ground out 4-3 (Groundball, 4, EV 88.8 MPH)
|
|
Batting: LHB Jose Mojica
|
0-0: Called Strike 0-1: Ball 1-1: Called Strike 1-2: Strikes out looking
|
|
Batting: RHB Tony Crespo
|
0-0: Called Strike 0-1: Called Strike 0-2: Ball 1-2: Ground out 4-3 (Groundball, 4, EV 90.6 MPH)
|
| Bottom of the 5th over - 0 runs, 0 hits, 0 errors, 0 left on base; Northwest Arkansas 3 - Midland 2 |
| TOP OF THE 6TH |
|
Northwest Arkansas Naturals batting - Pitching for Midland RockHounds : LHP Bobby Carroll
|
|
Pitching: LHP Rich Byrd
|
|
|
Batting: RHB William Lung
|
0-0: Ball 1-0: Called Strike 1-1: Called Strike 1-2: Fly out, F9 (Flyball, 89M, EV 91.2 MPH)
|
|
Batting: LHB Joe Cozart
|
0-0: Ball 1-0: Ground out 4-3 (Groundball, 4, EV 78.8 MPH)
|
|
Batting: RHB Eric Erickson
|
0-0: Called Strike 0-1: Ball 1-1: Ground out 1-3 (Groundball, 15S, EV 63.1 MPH)
|
| Top of the 6th over - 0 runs, 0 hits, 0 errors, 0 left on base; Northwest Arkansas 3 - Midland 2 |
| BOTTOM OF THE 6TH |
|
Midland RockHounds batting - Pitching for Northwest Arkansas Naturals : RHP Mike Tuck
|
|
Pitching: RHP Junsuke Abe
|
|
|
Batting: RHB Jonathan Gallup
|
0-0: Foul Ball, location: 2F 0-1: Swinging Strike 0-2: Ball 1-2: Ground out 6-3 (Groundball, 56, EV 88.8 MPH)
|
|
Batting: RHB Travis Robinson
|
0-0: Ball 1-0: Ball 2-0: Foul Ball, location: 2F 2-1: Called Strike 2-2: Ball 3-2: Base on Balls
|
|
Batting: LHB Nick Pacheco
|
0-0: Ball 1-0: Fly out, F9 (Flyball, 9, EV 95.6 MPH)
|
|
Batting: RHB Matt Sherard
|
0-0: Ball 1-0: Called Strike 1-1: Foul Ball, location: 2F 1-2: Foul Ball, location: 2F 1-2: SINGLE (Groundball, 6S, EV 71.2 MPH) (infield hit) Travis Robinson to second
|
|
Batting: RHB Micah Roth
|
0-0: Ball 1-0: Foul Ball, location: 2F 1-1: Ball 2-1: Ball 3-1: Fly out, F9 (Flyball, 89S, EV 75.6 MPH)
|
| Bottom of the 6th over - 0 runs, 1 hit, 0 errors, 2 left on base; Northwest Arkansas 3 - Midland 2 |
| TOP OF THE 7TH |
|
Northwest Arkansas Naturals batting - Pitching for Midland RockHounds : LHP Rich Byrd
|
|
Batting: SHB Danny Ballenger
|
0-0: Foul Ball, location: 2F 0-1: Called Strike 0-2: Ball 1-2: Ball 2-2: Strikes out swinging
|
|
Batting: SHB Ryoji Hiraoka
|
0-0: Called Strike 0-1: Ball 1-1: Ground out 5-3 (Groundball, 5, EV 91.2 MPH)
|
|
Batting: RHB Kazuki Arai
|
0-0: Ball 1-0: Ball 2-0: Swinging Strike 2-1: Ball 3-1: Swinging Strike 3-2: SINGLE (Groundball, 5D, EV 95.0 MPH)
|
|
Batting: RHB Alex Cid
|
0-0: Called Strike 0-1: Foul Ball, location: 2F 0-2: Fly out, F7 (Flyball, 7, EV 93.1 MPH)
|
| Top of the 7th over - 0 runs, 1 hit, 0 errors, 1 left on base; Northwest Arkansas 3 - Midland 2 |
| BOTTOM OF THE 7TH |
|
Midland RockHounds batting - Pitching for Northwest Arkansas Naturals : RHP Junsuke Abe
|
|
Pitching: RHP Brian Straub
|
|
|
Batting: RHB Roger Simmons
|
0-0: SINGLE (Groundball, 3D, EV 95.0 MPH)
|
|
Batting: RHB Gojko Golob
|
0-0: Bunted foul 0-1: Bunt missed! 0-2: Ground out 5-3 (Groundball, 56S, EV 66.9 MPH) Roger Simmons to second
|
|
Batting: LHB Jose Mojica
|
0-0: Called Strike 0-1: Called Strike 0-2: Strikes out swinging
|
|
Batting: RHB Tony Crespo
|
0-0: Swinging Strike Passed Ball! Roger Simmons to third 0-1: Ball 1-1: Foul Ball, location: 2F 1-2: Ball 2-2: Ball 3-2: Foul Ball, location: 2F 3-2: Fly out, F4 (Line Drive, 4, EV 69.4 MPH)
|
| Bottom of the 7th over - 0 runs, 1 hit, 0 errors, 1 left on base; Northwest Arkansas 3 - Midland 2 |
| TOP OF THE 8TH |
|
Northwest Arkansas Naturals batting - Pitching for Midland RockHounds : LHP Rich Byrd
|
|
Batting: RHB Andy Urquhart
|
0-0: Ball 1-0: Fly out, F5 (Popup, 25F, EV 85.6 MPH)
|
|
Batting: RHB Edwin Ramos
|
0-0: Ground out 5-3 (Groundball, 56S, EV 63.1 MPH)
|
|
Batting: RHB William Lung
|
0-0: Called Strike 0-1: Foul Ball, location: 2F 0-2: Ball 1-2: SINGLE (Groundball, 6D, EV 95.0 MPH)
|
|
Batting: LHB Joe Cozart
|
0-0: Fly out, F7 (Flyball, 7, EV 86.9 MPH)
|
| Top of the 8th over - 0 runs, 1 hit, 0 errors, 1 left on base; Northwest Arkansas 3 - Midland 2 |
| BOTTOM OF THE 8TH |
|
Midland RockHounds batting - Pitching for Northwest Arkansas Naturals : RHP Brian Straub
|
|
Batting: RHB Jonathan Gallup
|
0-0: Ball 1-0: Called Strike 1-1: Ball 2-1: Foul Ball, location: 2F 2-2: Ball 3-2: Base on Balls
|
|
Batting: RHB Travis Robinson
|
0-0: SINGLE (Line Drive, 78S, EV 93.1 MPH) Jonathan Gallup to second
|
|
Batting: LHB Nick Pacheco
|
0-0: Called Strike 0-1: Foul Ball, location: 2F 0-2: Ball 1-2: Ball 2-2: Foul Ball, location: 2F 2-2: Fly out, F8 (Flyball, 8LD, EV 86.9 MPH)
|
|
Batting: RHB Matt Sherard
|
0-0: Foul Ball, location: 2F 0-1: Fly out, F8 (Flyball, 89D, EV 77.5 MPH)
|
|
Batting: RHB Micah Roth
|
0-0: Called Strike 0-1: Fly out, F8 (Line Drive, 78M, EV 86.9 MPH)
|
| Bottom of the 8th over - 0 runs, 1 hit, 0 errors, 2 left on base; Northwest Arkansas 3 - Midland 2 |
| TOP OF THE 9TH |
|
Northwest Arkansas Naturals batting - Pitching for Midland RockHounds : LHP Rich Byrd
|
|
Pitching: RHP Caleb Hansberger
|
|
|
Batting: RHB Eric Erickson
|
0-0: Ball 1-0: Called Strike 1-1: Called Strike 1-2: Ball 2-2: Ball 3-2: Ground out 5-3 (Groundball, 56, EV 102.5 MPH)
|
|
Batting: SHB Danny Ballenger
|
0-0: Foul Ball, location: 2F 0-1: Ball 1-1: Foul Ball, location: 2F 1-2: Strikes out swinging
|
|
Batting: SHB Ryoji Hiraoka
|
0-0: Ball 1-0: Called Strike 1-1: Swinging Strike 1-2: Fly out, F7 (Line Drive, 7, EV 90.0 MPH)
|
| Top of the 9th over - 0 runs, 0 hits, 0 errors, 0 left on base; Northwest Arkansas 3 - Midland 2 |
| BOTTOM OF THE 9TH |
|
Midland RockHounds batting - Pitching for Northwest Arkansas Naturals : RHP Brian Straub
|
|
Pitching: RHP John Barnett
|
|
|
Batting: RHB Roger Simmons
|
0-0: Ball 1-0: Foul Ball, location: 2F 1-1: Ball 2-1: Ground out 6-3 (Groundball, 6MS, EV 92.5 MPH)
|
|
Pinch Hitting: LHB Tom Raupp
|
0-0: Foul Ball, location: 2F 0-1: Ball 1-1: Ball 2-1: Called Strike 2-2: SINGLE (Line Drive, 9S, EV 105.0 MPH)
|
|
Batting: LHB Jose Mojica
|
0-0: Called Strike 0-1: Swinging Strike 0-2: Ball 1-2: Strikes out swinging
|
|
Pinch Hitting: LHB Alan Bianchard
|
0-0: Ball 1-0: Fly out, F2 (Popup, 2LF, EV 91.2 MPH)
|
| Bottom of the 9th over - 0 runs, 1 hit, 0 errors, 1 left on base; Northwest Arkansas 3 - Midland 2 |
|